AoeStats
← DeaDLy

Four Lakes

503226355Analyzed
3v3 RM · 1mo ago on Aug 30, 2026· 44m 55s· 6 players
Game mode
Random Map
Map size
Normal (6 player)
Population
200
Speed
Normal
Resources
Standard
Victory
Conquest
Starting age
Dark Age
Ending age
Imperial Age
RankedLock teamsTeams togetherTeam positionsShared explorationLock speedFull tech treeHidden civsTurbo modeCheats
Victory
Defeat
🇧🇪 Goths · Belgium
1058
+13
🇹🇼 Portuguese · Taiwan
1057
+13
🇨🇴 Romans · Colombia
1023
+14
🇫🇷 Dravidians · France
1017
-15
🇫🇷 Koreans · France
984
-13
🇫🇷 Persians · France
947
-12
DeaDLy
6:40 Loom
10:27 Feudal Age
11:15 Double-Bit Axe
17:03 Wheelbarrow
19:22 Castle Age
17:35 Man-at-Arms
18:02 Horse Collar
18:15 Gold Mining
19:17 Forging
19:51 Fishing Lines
20:43 Bow Saw
21:09 Gillnets
21:32 Heavy Plow
22:27 Scale Mail Armor
23:02 Iron Casting
22:47 Hand Cart
22:44 Stone Mining
22:37 Long Swordsman
23:37 Chain Mail Armor
23:45 Fletching
24:09 Clinker Construction
24:24 Ballistics
25:12 Gold Shaft Mining
24:33 Town Watch
26:09 Bodkin Arrow
26:34 Squires
27:26 Padded Archer Armor
28:38 Scale Barding Armor
32:21 Imperial Age
31:15 Devotion
32:55 Town Patrol
34:03 Blast Furnace
32:27 Legionary
34:50 Chemistry
35:11 Carvel Hull
36:11 Block Printing
37:19 Comitatenses
37:30 Conscription
39:48 Heavy Scorpion
40:45 Leather Archer Armor
40:48 Fortified Wall
41:24 Crop Rotation
45:07 Illumination
44:54 Fervor
洗勒烤喔
4:28 Loom
10:32 Feudal Age
20:46 Castle Age
18:57 Horse Collar
19:03 Double-Bit Axe
19:55 Gold Mining
19:57 Fletching
20:08 Fishing Lines
23:18 Wheelbarrow
24:29 Thumb Ring
28:26 Imperial Age
27:02 Town Watch
27:35 Hand Cart
28:25 Ballistics
30:19 Chemistry
31:32 Siege Engineers
33:14 Conscription
33:08 Bodkin Arrow
34:17 Arquebus
36:01 Heavy Plow
39:02 Bracer
39:02 Padded Archer Armor
39:13 Forging
39:04 Scale Mail Armor
40:41 Murder Holes
40:27 Treadmill Crane
Racletteduterter
1:27 Loom
10:37 Feudal Age
11:56 Wheelbarrow
11:12 Horse Collar
13:41 Double-Bit Axe
15:54 Horse Collar
19:51 Castle Age
18:50 Forging
19:09 Gold Mining
19:33 Stone Mining
21:00 Bow Saw
20:53 Squires
21:00 Pikeman
22:29 Heavy Plow
25:07 Iron Casting
25:46 Scale Mail Armor
27:05 Anarchy
27:50 Chain Mail Armor
29:37 Hand Cart
33:13 Imperial Age
32:35 Caravan
32:58 Murder Holes
33:51 Elite Huskarl
34:33 Perfusion
35:55 Crop Rotation
36:33 Conscription
37:19 Blast Furnace
37:11 Halberdier
39:31 Chemistry
38:52 Ballistics
44:07 Two-Man Saw
44:34 Man-at-Arms
Pitivier
2:56 Loom
11:59 Feudal Age
12:42 Double-Bit Axe
20:06 Castle Age
18:21 Gold Mining
18:21 Fishing Lines
19:08 Fletching
21:07 Gillnets
21:19 Bodkin Arrow
22:16 Wheelbarrow
22:31 Gold Shaft Mining
22:14 Bow Saw
27:53 Imperial Age
27:37 Ballistics
29:45 Hand Cart
29:21 Town Watch
31:09 Two-Man Saw
30:59 Shinkichon
31:47 Chemistry
30:22 Heavy Rocket Cart
32:12 Conscription
32:48 Siege Engineers
33:34 Town Patrol
34:32 Murder Holes
35:19 Bracer
40:03 Elite War Wagon
42:25 Caravan
Henkka51
4:07 Loom
12:49 Feudal Age
13:17 Horse Collar
13:24 Double-Bit Axe
13:25 Fishing Lines
15:21 Man-at-Arms
21:11 Castle Age
19:36 Gold Mining
19:39 Stone Mining
20:44 Forging
20:41 Scale Mail Armor
22:27 Gillnets
22:11 Long Swordsman
22:37 Gambesons
22:52 Squires
23:31 Iron Casting
23:12 Chain Mail Armor
23:20 Bow Saw
23:15 Heavy Plow
29:51 Imperial Age
27:53 Scale Barding Armor
29:22 Wheelbarrow
28:32 Town Watch
31:59 Two-Man Saw
31:45 Hand Cart
31:56 Wootz Steel
31:57 Conscription
31:18 Two-Handed Swordsman
32:39 Husbandry
33:48 Blast Furnace
33:20 Medical Corps
33:29 Champion
35:24 Chain Barding Armor
35:34 Plate Mail Armor
34:59 Pikeman
35:26 Arson
38:40 Fletching
38:51 Padded Archer Armor
41:26 Ballistics
42:07 Chemistry
41:46 Bodkin Arrow
42:07 Leather Archer Armor
gaelb38
0:31 Loom
13:37 Feudal Age
14:06 Town Watch
14:12 Double-Bit Axe
14:23 Gold Mining
18:07 Horse Collar
18:20 Stone Mining
18:15 Fishing Lines
22:05 Wheelbarrow
24:35 Castle Age
26:06 Bow Saw
26:02 Heavy Plow
26:42 Gold Shaft Mining
26:43 Stone Shaft Mining
26:46 Bloodlines
26:37 Husbandry
26:45 Gillnets
28:16 Forging
28:12 Scale Barding Armor
28:37 Hand Cart
31:41 Iron Casting
31:28 Chain Barding Armor
33:55 Imperial Age
32:22 Kamandaran
33:15 Town Patrol
34:28 Masonry
34:39 Ballistics
34:15 Murder Holes
34:22 Padded Archer Armor
34:12 Fletching
34:43 Chain Barding Armor
34:29 Squires
34:14 Arson
34:17 Crossbowman
35:02 Thumb Ring
35:52 Crop Rotation
36:31 Two-Man Saw
36:26 Leather Archer Armor
36:07 Bodkin Arrow
37:43 Architecture
38:14 Chemistry
37:48 Conscription
37:39 Citadels
38:30 Ring Archer Armor
39:22 Blast Furnace
39:53 Plate Barding Armor
38:59 Cavalier
40:02 Savar
42:48 Hoardings
45:24 Hoardings
Connection lost

Rejoining the realm…

Still unreachable

The connection could not be restored.

Session expired

The server has moved on; the page needs a fresh start.